 Dungeon Crawl Stone Soup version 0.25.0-11-g1f837a76a1 (webtiles) character file.

Game seed: 5063260384573067548

4 emikaela the Vexing (level 1, -8/13 HPs)
             Began as an Octopode Arcane Marksman on June 25, 2020.
             Mangled by a gnoll
             ... wielding a +0 halberd
              (13 damage)
             ... on level 1 of the Dungeon.
             The game lasted 00:00:44 (219 turns).

emikaela the Vexing (Octopode Arcane Marksman)       Turns: 219, Time: 00:00:44

Health: -8/13      AC:  1    Str:  9    XL:     1   Next: 70%
Magic:  2/2        EV: 13    Int: 15    God:
Gold:   5          SH:  0    Dex: 12    Spells: 1/2 levels left

rFire    . . .     SeeInvis .   a - +0 hunting sling
rCold    . . .     Gourm    .   (no shield)
rNeg     . . .     Faith    .   (helmet restricted)
rPois    .         Spirit   .   (no amulet)
rElec    .         Reflect  .   (no ring)
rCorr    .         Harm     .   (no ring)
MR       .....                  (no ring)
Stlth    ++........             (no ring)
HPRegen  0.04/turn              (no ring)
MPRegen  0.08/turn              (no ring)
                                (no ring)
                                (no ring)

@: no status effects
A: almost no armour, stealthy swim, amphibious, 8 rings, constrict 8, camouflage
1, gelatinous body 1
a: no special abilities


You were on level 1 of the Dungeon.
You were not hungry.

You visited 1 branch of the dungeon, and saw 1 of its levels.

You collected 5 gold pieces.

Inventory:

Hand Weapons
 a - a +0 hunting sling (weapon)
Missiles
 j - 8 javelins
 S - 13 sling bullets (quivered)
Potions
 b - 2 potions of might {unknown}
Comestibles
 r - a ration


   Skills:
 - Level 1.0 Fighting
 + Level 2.4 Slings
 - Level 2.0 Dodging
 - Level 1.0 Spellcasting
 - Level 3.0 Hexes


You had one spell level left.
You knew the following spells:

 Your Spells              Type           Power        Failure   Level  Hunger
a - Corona                Hex            #......      7%          1    ##.....

Your spell library contained the following spells:

 Spells                   Type           Power        Failure   Level  Hunger
 Slow                     Hex            #.......     11%         2    ###....
 Inner Flame              Hex/Fire       #.......     36%         3    ####...
 Portal Projectile        Hex/Tloc       #.....       36%         3    ####...
 Cause Fear               Hex            #.........   56%         4    #####..
 Leda's Liquefaction      Hex/Erth       #.........   78%         4    #####..


Dungeon Overview and Level Annotations

Branches:
Dungeon (1/15)

Altars:


Innate Abilities, Weirdness & Mutations

You cannot wear most types of armour.
You are very stealthy in the water. (Stealth+)
You are amphibious.
You can wear up to eight rings at the same time.
You can use your tentacles to constrict eight enemies at once.
Your skin changes colour to match your surroundings (Stealth+).
Your rubbery body absorbs attacks. (AC +1, EV +1)


Message History

The gnoll is severely wounded.
The gnoll barely misses you.
Firing (i - inventory. (/) - cycle)
S - 15 sling bullets (quivered)
Press: ? - help, Shift-Dir - straight line, f/p - gnoll
Aim: a gnoll, wielding a +0 halberd (severely wounded)
You shoot a sling bullet.
The sling bullet barely misses the gnoll.
The sling bullet hits the goblin.
The goblin is moderately wounded.
The gnoll hits you from afar with a +0 halberd!
Ouch! That really hurt!
Firing (i - inventory. (/) - cycle)
S - 14 sling bullets (quivered)
Press: ? - help, Shift-Dir - straight line, f/p - gnoll
Aim: a gnoll, wielding a +0 halberd (severely wounded)
You shoot a sling bullet.
The sling bullet hits the gnoll but does no damage.
The gnoll is severely wounded.
The gnoll hits you from afar with a +0 halberd!
Ouch! That really hurt!
You die...

# #..#.# #..########
#.##..#.### #..........
#.........# #.########.
####..#.#.# #.# ###......#
#.# #.†.##...# #.#
##.####...# #.######.#..#
#...# #...####....((...(#
###...###...@.gg.####(.##(#
#####.......#..#####.# .##
...............# #.# .g
..###.......#.## #.# !.(
#.#####...### # #.# ..g#
#....##...# #.# .#.#
#....###.## #.# .#..
###..## .# #.# <.###.##.#


You could see a gnoll and a goblin.

Vanquished Creatures
  A dart slug (D:1)
  A giant cockroach (D:1)
  A kobold (D:1)
3 creatures vanquished.

Notes
Turn   | Place    | Note
-------+----------+-------------------------------------------
     0 | D:1      | emikaela the Octopode Arcane Marksman began the quest for
                  | the Orb.
     0 | D:1      | Reached XP level 1. HP: 13/13 MP: 2/2
   219 | D:1      | Mangled by a gnoll

Illustrated notes

Levels and vault maps discovered:
D:1:      nagdon_arrival_double_spiral, layout_loops_ring, minmay_hexomino_u4

Action                   || total
-------------------------++-------
 Fire: Hunting sling     ||    14
Dodge: Dodged            ||     3
